 Dungeon Crawl Stone Soup version 0.31.0-9-g3a7656b989 (webtiles) character file.

Game seed: 8234421396766436283

28 Colgate the Poker (level 3, 29/29 HPs)
             Began as a Demonspawn Cinder Acolyte on Jan 29, 2024.
             Was a High Priest of Ignis.
             Quit the game on level 2 of the Dungeon.
             The game lasted 00:03:16 (1600 turns).

Colgate the Poker (Demonspawn Cinder Acolyte)       Turns: 1600, Time: 00:03:17

Health: 29/29      AC:  5    Str: 14    XL:     3   Next: 0%
Magic:  4/4        EV: 11    Int: 16    God:    Ignis [*****.]
Gold:   51         SH:  4    Dex:  8    Spells: 2/4 levels left

rFire   + . .        b - +3 short sword (flame)
rCold   . . .        (no shield)
rNeg    . . .        c - +0 robe
rPois   .            (no helmet)
rElec   .            (no cloak)
rCorr   +            (no gloves)
SInv    .            l - +0 pair of boots
Will    .....        (no amulet)
Stlth   +            f - ring of resist corrosion
HPRegen 0.24/turn    (no ring)
MPRegen 0.09/turn

%: no passive effects
@: no status effects
A: thin metallic scales 1, condensation shield
a: Renounce Religion, Fiery Armour, Foxfire Swarm, Rising Flame


You were on level 2 of the Dungeon.
You worshipped Ignis.
Ignis was extremely pleased with you.
You visited 1 branch of the dungeon, and saw 2 of its levels.

You collected 51 gold pieces.

Inventory:

Hand Weapons
 a - a -1 spear of flaming
 b - a +3 short sword of flaming (weapon)
Missiles
 j - 2 boomerangs
 k - a throwing net {!f}
 n - 3 poisoned darts
Armour
 c - a +0 robe (worn)
 l - a +0 pair of boots (worn)
Jewellery
 f - a ring of resist corrosion (left hand)
Scrolls
 d - a scroll of amnesia {unknown}
 e - a scroll of poison
 h - a scroll of identify {unknown}
 i - a scroll of fog {unknown}
Potions
 g - 2 potions of haste {unknown}
 m - a potion of curing {unknown}


   Skills:
 - Level 3.0 Fighting
 + Level 1.4 Short Blades
 - Level 3.3 Polearms
 - Level 1.0 Spellcasting
 - Level 2.6 Fire Magic


You had 2 spell levels left.
You knew the following spells:

 Your Spells              Type           Power      Damage    Failure   Level
a - Scorch                Fire           18%        2d5       12%         2

Your spell library contained the following spells:

 Spells                   Type           Power      Damage    Failure   Level


Dungeon Overview and Level Annotations

Branches:
Dungeon (2/15)

Altars:

Annotations:
D:2 SCW alttari


Innate Abilities, Weirdness & Mutations

You are partially covered in thin metallic scales. (AC +2)
A meltable shield of frost defends you. (SH +4)


Message History

You finish putting on your +0 pair of boots.
No target in view!
Found a faded altar of an unknown god.
You start waiting.
Done waiting.
There is a faded altar of an unknown god here.
This altar belongs to (a) Sif Muna, (b) Cheibriados or (c) Wu Jian, but you can't tell which.
Press the corresponding letter to learn more about a god, or press enter to convert or escape to cancel.
Okay, then.
Annotate which branch? (. - D:2, ? - help, ! - show branch list) New annotation for D:2 (include '!' for warning): SCW alttari No target in view!
A rat comes into view.
The rat squeaks loudly.
There is an empty arch of ancient stone here.
A rat is nearby!
A rat is nearby!
A rat is nearby!
You hit the rat but do no damage. The rat barely misses you.
A rat is nearby!
You hit the rat. You burn the rat.
You kill the rat!
m - a bubbling emerald potion No target in view!
g - 2 fuming golden potions (gained 1)
n - 3 poisoned darts No target in view!
A goblin and a ball python come into view.
The ball python hisses angrily.
The goblin hits you but does no damage.
There are monsters nearby!
You hit the goblin. You burn the goblin.
You kill the goblin!
You have reached level 3!
Your experience leads to an increase in your attributes!
Increase (S)trength, (I)ntelligence, or (D)exterity?
You feel clever. x2; Your demonic ancestry asserts itself...
Frost condenses into a shield before you.
Unknown command.
Unknown command.
Are you sure you want to abandon this character and quit the game? (Confirm with "yes".)

#.# #.# #.#
#.# #.#
###.# #...#
#.#####.###
#....S@.#
#########


You could see a ball python.

Vanquished Creatures
  A dart slug (D:1)
  A bat (D:1)
  3 endoplasms (D:1)
  4 hobgoblins (D:1)
  A quokka (D:1)
  6 ball pythons
  A frilled lizard (D:1)
  3 goblins
  3 kobolds (D:1)
  3 rats
26 creatures vanquished.

Notes
Turn   | Place    | Note
-------+----------+-------------------------------------------
     0 | D:1      | Colgate the Demonspawn Cinder Acolyte began the quest for
                  | the Orb.
     0 | D:1      | Reached XP level 1. HP: 18/18 MP: 2/2
   243 | D:1      | Gained mutation: You are partially covered in thin metallic
                  | scales. (AC +2) [demonic ancestry]
   243 | D:1      | Reached XP level 2. HP: 11/24 MP: 3/3
   342 | D:1      | Learned a level 2 spell: Scorch
   793 | D:1      | Reached skill level 1 in Short Blades
  1425 | D:2      | Found a faded altar of an unknown god.
  1600 | D:2      | Gained mutation: A meltable shield of frost defends you.
                  | (SH +4) [demonic ancestry]
  1600 | D:2      | Reached XP level 3. HP: 29/29 MP: 4/4
  1600 | D:2      | Quit the game

Illustrated notes

Levels and vault maps discovered:
D:1:      heliophobic_arrival_glass_houses, layout_basic,
          chequers_hall_statues_wall_a, minmay_statues_item
D:2:      layout_basic, hellmonk_ecumenical_altar_arch_garden, uniq_robin

Skill      XL: |  1  2 |
---------------+-------+-----
Polearms       | 3 |  3.3
Short Blades   | 1 |  1.4
Fighting       | |  3.0
Spellcasting   | |  1.0
Fire Magic     | |  2.6

Action                     || total
---------------------------++-------
  Melee: Spear             ||    43
         Short sword       ||    24
   Cast: Scorch            ||     6
    Use: Scroll            ||     1
   Stab: Sleeping          ||     1
 Armour: Robe              ||    23
  Dodge: Dodged            ||    35
